Unix NetHack Version 5.0.0-0 post-release - last build May 17 2026 04:57:42 (dc50c8380fa5e20985bfe3072449f57b8d9895ef,branch:main).

Game began 2026-05-21 23:55:14, ended 2026-05-22 00:33:10.

Corncycle, chaotic male human Rogue

 -.-----
 |.....|    -----                  --------------           ---------------
 |.....-#   |...|               ###-............|###########..............|
 |.....|#   |...|            ####  |............|#          |.............|
 -|-----#   |..{|     ########     |............-f          |........*....|
  ###   #   |.)>.##)###            |............|@         #..............|
    ##  ##  -.---                  |............|eG        #---------------
     #   #   #             ####    --------------###       #
     #   ##  #                #################### #     ###
     #    #  #####                                 #    ##
     #    #      #####                             ##   #
 ----|-   # -------------                           #   #
 |....|   ##............|     -------               #####
 |))[.|     |........{..|     |.....|           -----##  -------------
 |[)))|     |...>........##   |.....|           |...-##  |...........|
 ------     ------------- ####-......###########-...|#   |...........|
                              |.....|           |...|#   |...........|
                              -------           -----####...<........|
                                                         -------------

Corncycle the Rogue     St:15 Dx:18 Co:15 In:9 Wi:12 Ch:8  Chaotic
Dlvl:3  $:0  HP:0(48) Pw:29(29) AC:1  Xp:7 T:4064  Burdened

Latest messages:
 This lichen corpse tastes okay.
 You finish eating the lichen corpse.
 You have a little trouble lifting b - a +0 dagger (at the ready) (14 in total).
 You swap places with your large cat.
 You kill the gas spore!
 Boom!
 You are caught in the gas spore's explosion!
 You see here a hooded cloak.
 You climb up the stairs.
 What do you want to use or apply? [ejsAHOPY or ?*]
 You snuff out your candle.
 You see here 6 +0 daggers.
 You swap places with your large cat.
 You hit the iguana.
 You hit the iguana!
 The iguana misses!
 The iguana bites!
 In what direction?
 You kill the iguana!
 You have a little trouble lifting b - a +0 dagger (at the ready) (14 in total).
 You see here an iguana corpse.
 There is an iguana corpse here; eat it? [ynq] (n)
 This iguana corpse tastes okay.
 You finish eating the iguana corpse.
 You see here 6 +0 daggers.
 You swap places with your large cat.
 You see here 6 +0 daggers.
 The large cat picks up a +0 dagger.
 You kill the acid blob!
 The large cat drops a +0 dagger.
 You hit the floating eye!
 You are frozen by the floating eye's gaze!
 The gnome lord hits!
 The gnome lord hits!
 The gnome lord hits!
 The gnome lord hits!
 The gnome lord hits!
 The gnome lord misses!
 The gnome lord hits!
 The gnome lord hits!
 The gnome lord hits!
 The gnome lord hits!
 The gnome lord hits!
 The gnome lord hits!
 You die...
 Do you want your possessions identified? [ynq] (y)
 Do you want to see your attributes? [ynq] (y)
 Do you want an account of creatures vanquished? [ynaq] (y)
 Do you want to see your conduct and achievements? [ynq] (y)
 Do you want to see the dungeon overview? [ynq] (y)

Inventory:
 Weapons  (')')
  b - 14 +0 daggers (at the ready)
  a - a +0 dwarvish short sword (weapon in right hand)
 Armor    ('[')
  E - an uncursed +0 dwarvish iron helm (being worn)
  z - an uncursed +0 pair of iron shoes (being worn)
  w - an uncursed +0 robe (being worn)
  c - an uncursed +1 leather armor (being worn)
 Comestibles  ('%')
  C - a cursed cram ration
  v - 3 uncursed food rations
 Scrolls  ('?')
  L - 3 uncursed scrolls of blank paper
  l - an uncursed scroll of create monster
  R - a blessed scroll of destroy armor
  n - a cursed scroll of remove curse
 Potions  ('!')
  F - a blessed potion of confusion
  i - an uncursed potion of extra healing
  K - an uncursed potion of fruit juice
  J - an uncursed potion of healing
  Q - a cursed potion of healing
  u - an uncursed potion of levitation
  t - a cursed potion of monster detection
  r - 2 blessed potions of object detection
  M - a blessed potion of paralysis
  d - an uncursed potion of sickness
  q - an uncursed potion of sleeping
  g - an uncursed potion of speed
 Rings    ('=')
  G - an uncursed ring of invisibility
  h - an uncursed ring of poison resistance
 Wands    ('/')
  A - a wand of create monster (0:12)
  O - a wand of striking (0:4)
 Tools    ('(')
  Y - an uncursed sack containing 1 item
  j - a bag of tricks (0:9)
  e - an uncursed lock pick
  s - an uncursed stethoscope
  P - an uncursed partly used tallow candle
  H - an uncursed towel

Contents of the sack:
  46 gold pieces

Corncycle the Rogue's attributes:

Background:
 You were a Rogue, level 7 male human.
 You were chaotic, on a mission for Kos
 who was opposed by Issek (lawful) and Mog (neutral).
 You were right-handed.
 You were in the Dungeons of Doom, on level 3.
 You entered the dungeon 4064 turns ago.
 It was the midnight hour.
 You had 898 experience points, 382 more were needed to attain level 8.

Basics:
 You had 0 out of 48 hit points.
 You had all 29 energy points (spell power).
 Your armor class was 1.
 Your wallet was empty, but
 you had 46 zorkmids stashed away in your pack.
 Autopickup was on for '.' plus thrown.

Final Characteristics:
 Your strength was 15 (limit:18/100).
 Your dexterity was 18 (limit:18).
 Your constitution was 15 (limit:18).
 Your intelligence was 9 (limit:18).
 Your wisdom was 12 (limit:18).
 Your charisma was 8 (limit:18).

Final Status:
 You weren't hungry.
 You were burdened; movement was slightly slowed.
 You were wielding a short sword.
 You had basic skill with short sword.

Final Attributes:
 You were piously aligned.
 You were telepathic.
 You were stealthy.
 You were guarded.
 You are dead.

Miscellaneous:
 You didn't encounter any bones levels.
 Total elapsed playing time was 37 minutes and 56 seconds.

Major events:
 Turn
    1: Corncycle the chaotic male human Rogue entered the dungeon
  514: attained the rank of Cutpurse (level 3)
 1955: entered the Gnomish Mines
 2530: reached Mine Town
 2585: attained the rank of Rogue (level 6)
 4064: killed by a gnome lord, while frozen by a floating eye's gaze

You didn't know any spells.

Skills:
 Fighting Skills
   bare handed combat [Unskilled]
   two weapon combat  [Unskilled]
   riding             [Unskilled]
 Weapon Skills
   dagger             [Expert]
   knife              [Unskilled]
   short sword        [Basic]
   broadsword         [Unskilled]
   long sword         [Unskilled]
   two-handed sword   [Unskilled]
   saber              [Unskilled]
   club               [Unskilled]
   mace               [Unskilled]
   morning star       [Unskilled]
   flail              [Unskilled]
   hammer             [Unskilled]
   polearms           [Unskilled]
   spear              [Unskilled]
   crossbow           [Unskilled]
   dart               [Unskilled]
   shuriken           [Unskilled]
 Spellcasting Skills
   divination spells  [Unskilled]
   escape spells      [Unskilled]
   matter spells      [Unskilled]

Voluntary challenges:
 Character rerolling was not enabled.
 You never genocided any monsters.
 You never polymorphed an object.
 You never changed form.
 You used no wishes.
Achievements:
 You entered a shop.
 You attained the rank of Cutpurse.
 You entered the Gnomish Mines.
 You entered Minetown.
 You attained the rank of Rogue.

 The Dungeons of Doom: levels 1 to 5
    Level 1:
    Level 2:
       A general store, a fountain, a sink.
    Level 3: <- You were here.
       A weapon shop, some fountains.
       Stairs down to The Gnomish Mines.
       Final resting place for
          you, killed by a gnome lord, while frozen by a floating eye's gaze.
    Level 4:
       A fountain.
    Level 5:
 The Gnomish Mines: levels 4 to 7
    Level 4:
    Level 5:
    Level 6:
    Level 7:


Vanquished creatures:
  a small mimic
  a dwarf leader
  a dust vortex
  a human zombie
  8 Uruk-hai
  a rock piercer
  a shrieker
  a violet fungus
  6 gnome leaders
  a gnomish wizard
  2 gray oozes
 an elf zombie
  a paper golem
  a little dog
  2 floating eyes
  a kitten
  8 dwarves
  9 rothes
  a centipede
  3 giant bats
  4 orc zombies
  2 dwarf zombies
  a werejackal
  3 iguanas
 an acid blob
  2 coyotes
  2 gas spores
  6 hobbits
  a hobgoblin
  a giant rat
  2 cave spiders
  2 brown molds
  a red mold
 26 gnomes
  4 geckos
 10 jackals
  2 foxes
  a goblin
  4 sewer rats
  6 grid bugs
  5 lichens
137 creatures vanquished.

No species were genocided or became extinct.

Game over:
                       ----------
                      /          \
                     /    REST    \
                    /      IN      \
                   /     PEACE      \
                  /                  \
                  |    Corncycle     |
                  |      46 Au       |
                  |   killed by a    |
                  |    gnome lord    |
                  |                  |
                  |                  |
                  |       2026       |
                 *|     *  *  *      | *
        _________)/\\_//(\/(/\)/\//\/|_)_______

Goodbye Corncycle the Rogue...

You died in The Dungeons of Doom on dungeon level 3 with 3954 points,
and 46 pieces of gold, after 4064 moves.
You were level 7 with a maximum of 48 hit points when you died.

